 Dungeon Crawl Stone Soup version 0.25-a0-316-gd28d56f9c5 (webtiles) character file.

Game seed: 12509926525801248964, levelgen mode: classic

3077 Borgoz the Carver (level 9, -4/52 HPs)
             Began as a Gargoyle Berserker on Dec 24, 2019.
             Was an Elder of Trog.
             Killed by divine providence
             ... invoked by an orc priest
              (14 damage)
             ... on level 7 of the Dungeon.
             The game lasted 00:09:52 (7711 turns).

Borgoz the Carver (Gargoyle Berserker)              Turns: 7711, Time: 00:09:53

Health: -4/52      AC: 17    Str: 22    XL:     9   Next: 89%
Magic:  9/9        EV: 13    Int:  7    God:    Trog [****..]
Gold:   376        SH:  0    Dex: 12    Spells: 8/8 levels left

rFire    . . .     SeeInvis .   a - +0 falchion
rCold    + . .     Gourm    +   (no shield)
rNeg     + . .     Faith    .   y - +2 scale mail {rC+}
rPois    ∞         Spirit   .   n - +0 helmet
rElec    +         Reflect  .   (no cloak)
rCorr    .         Harm     .   (no gloves)
MR       .....                  (no boots)
Stlth    ..........             C - amulet of the gourmand
HPRegen  0.17/turn              (no ring)
MPRegen  0.11/turn              (no ring)

@: berserk cooldown, starving, slowed, very slow
A: negative energy resistance 1, electricity resistance, unbreathing,
petrification resistance, rot immunity, AC +6
a: Berserk, Trog's Hand, Brothers in Arms, Renounce Religion


You were on level 7 of the Dungeon.
You worshipped Trog.
Trog was greatly pleased with you.
You were starving.

You visited 1 branch of the dungeon, and saw 7 of its levels.

You collected 376 gold pieces.

Inventory:

Hand Weapons
 a - a +0 falchion (weapon)
Armour
 n - a +0 helmet (worn)
 y - a +2 scale mail of cold resistance (worn)
Jewellery
 C - an amulet of the gourmand (around neck)
 E - an uncursed ring of flight
Wands
 e - a wand of digging (6)
 f - a wand of acid (8)
 q - a wand of flame (44)
 s - a wand of enslavement (8)
 t - a wand of paralysis (7)
 B - a wand of polymorph (9)
Scrolls
 k - a scroll of remove curse {unknown}
 l - a scroll of noise {unknown}
 o - 2 scrolls of teleportation {unknown}
 p - a scroll of fog {unknown}
 u - a scroll of blinking {unknown}
 v - a scroll of random uselessness {unknown}
 z - a scroll of enchant weapon {unknown}
Potions
 b - a potion of resistance
 d - 3 potions of flight
 g - a potion of might
 h - 4 potions of berserk rage
 i - 3 potions of lignification
 j - a potion of agility
 m - 2 potions of heal wounds
 r - 3 potions of curing
 w - a potion of mutation
 x - a potion of brilliance
 A - a potion of haste
 D - a potion of ambrosia {unknown}
Comestibles
 c - 7 rations


   Skills:
 + Level 4.4 Fighting
 * Level 8.1 Long Blades
 + Level 6.7 Armour
 * Level 7.2 Dodging


You had 8 spell levels left.
You didn't know any spells.
Your spell library was empty.

Dungeon Overview and Level Annotations

Branches:
Dungeon (7/15)             Temple (0/1) D:5

Altars:
Ashenzari
Hepliaklqana
Nemelex Xobeh
Okawaru
Qazlal
Wu Jian
Xom
Zin


Innate Abilities, Weirdness & Mutations

You are resistant to torment.
Your stone body is resilient. (AC +6)
You are immune to poison.
You resist negative energy. (rN+)
You are resistant to electric shocks. (rElec)
You can survive without breathing.
You are immune to petrification.
You are immune to rotting.


Message History

The orc warrior is heavily wounded.
You hit the orc warrior.
The orc warrior is heavily wounded.
The orc warrior hits you but does no damage.
You barely miss the orc warrior.
The orc warrior is heavily wounded.
The orc priest calls down the wrath of Beogh upon you.
Beogh smites you!
* * * LOW HITPOINT WARNING * * *
Really walk into that teleport trap?
You enter a teleport trap!
The teleport trap disappears.
Your surroundings suddenly seem different.
You feel a strong urge to attack something.
Found an escape hatch in the ceiling.
You feel your anger nearly subside.
You are no longer berserk.
You are exhausted.
You feel yourself slow down.
The orc priest calls down the wrath of Beogh upon you.
Beogh smites you!
You die...

#......#
#....#..
#...o..#
#######.
#......#
#..
#......#
#..
#......#
###..
#......#
.....
#.<....#
......
#......#
......
###@####
####..
#.# #..
#.. #..
#### #..
#..


You could see an orc priest.

Vanquished Creatures
  Grinder (D:6)
  A hippogriff (D:7)
  Sigmund (D:6)
  Eustachio (D:5)
  Edmund (D:6)
  Duvessa (D:5)
  An orc warrior (D:6)
  A black bear (D:7)
  2 phantoms (D:5)
  2 ogres
  3 centaurs (D:5)
  Blork the orc (D:5)
  2 bullfrogs
  Dowan (D:5)
  3 scorpions
  5 killer bees
  2 hounds
  6 orc wizards
  A bullfrog skeleton (D:6)
  An orc priest (D:5)
  A centaur skeleton (D:5)
  Jessica (D:3)
  Ijyb (D:3)
  Natasha (thrice) (D:2 D:3)
  Terence (D:3)
  4 worker ants
  An iguana (D:6)
  Robin (D:3)
  2 worker ant zombies (D:6)
  5 adders
  2 oozes (D:3)
  2 worms
  A dart slug (D:1)
  4 leopard geckos
  25 orcs
  A ball python (D:6)
  6 giant cockroaches
  12 goblins
  10 hobgoblins
  23 jackals
  7 kobolds
  6 quokkas
  9 bats
  3 frilled lizards
  2 quokka zombies
  5 rats (D:2)
175 creatures vanquished.

Notes
Turn   | Place    | Note
-------+----------+-------------------------------------------
     0 | D:1      | Borgoz the Gargoyle Berserker began the quest for the Orb.
     0 | D:1      | Reached XP level 1. HP: 14/14 MP: 1/1
   194 | D:1      | Reached XP level 2. HP: 18/19 MP: 2/2
   311 | D:1      | Reached skill level 3 in Long Blades
  1007 | D:2      | Reached XP level 3. HP: 16/23 MP: 3/3
  1293 | D:2      | Reached XP level 4. HP: 15/28 MP: 4/4
  1678 | D:2      | Found a stormy altar of Qazlal.
  1758 | D:2      | Found a shattered altar of Ashenzari.
  2179 | D:3      | Noticed Natasha
  2180 | D:3      | Noticed Robin
  2191 | D:2      | Reached ** piety under Trog
  2224 | D:2      | Killed Natasha
  2224 | D:2      | Reached XP level 5. HP: 27/32 MP: 5/5
  2237 | D:3      | Killed Robin
  2276 | D:3      | Reached skill level 4 in Long Blades
  2387 | D:3      | Noticed Jessica
  2387 | D:3      | Noticed Terence
  2392 | D:3      | Killed Jessica
  2399 | D:3      | Killed Terence
  2399 | D:3      | Reached XP level 6. HP: 37/37 MP: 6/6
  2685 | D:3      | Reached *** piety under Trog
  2761 | D:3      | Noticed Ijyb
  2781 | D:3      | Killed Ijyb
  3270 | D:2      | Noticed Natasha
  3321 | D:3      | Killed Natasha
  3418 | D:3      | Noticed Natasha
  3429 | D:3      | Killed Natasha
  3718 | D:4      | Found a shimmering altar of Xom.
  3751 | D:4      | Reached XP level 7. HP: 41/41 MP: 7/7
  3857 | D:4      | Found a sparkling altar of Nemelex Xobeh.
  3909 | D:4      | Reached skill level 5 in Long Blades
  3953 | D:4      | HP: 2/41 [ogre/+0 giant club (4)]
  4473 | D:5      | Entered Level 5 of the Dungeon
  4554 | D:5      | Paralysed by fainting for 6 turns
  4765 | D:5      | Found a staircase to the Ecumenical Temple.
  4765 | D:5      | Noticed Eustachio
  4774 | D:5      | Reached XP level 8. HP: 40/46 MP: 8/8
  4788 | D:5      | Killed Eustachio
  4788 | D:5      | Reached skill level 5 in Dodging
  4791 | D:5      | Reached skill level 6 in Long Blades
  4810 | D:5      | Reached skill level 5 in Armour
  5226 | D:5      | Reached **** piety under Trog
  5736 | D:5      | Noticed Blork the orc
  5743 | D:5      | Killed Blork the orc
  5857 | D:5      | Found a stormy altar of Qazlal.
  5857 | D:5      | Found a faded altar of an unknown god.
  5865 | D:5      | Found a faded altar of an unknown god.
  5866 | D:5      | Noticed Duvessa
  5867 | D:5      | Found a glowing silver altar of Zin.
  5867 | D:5      | Noticed Dowan
  5868 | D:5      | Found a hazy altar of Hepliaklqana.
  5886 | D:5      | Killed Duvessa
  5886 | D:5      | Reached skill level 7 in Long Blades
  5886 | D:5      | Reached XP level 9. HP: 51/51 MP: 9/9
  5890 | D:5      | Killed Dowan
  6279 | D:6      | Found an iron altar of Okawaru.
  6338 | D:6      | Noticed Edmund
  6349 | D:6      | Killed Edmund
  6773 | D:6      | Found an iron altar of Okawaru.
  6849 | D:6      | Noticed Grinder
  6864 | D:6      | Paralysed by Grinder for 5 turns
  6884 | D:6      | Killed Grinder
  6984 | D:6      | Noticed Sigmund
  7005 | D:6      | Killed Sigmund
  7520 | D:6      | Found an ornate altar of the Wu Jian Council.
  7546 | D:7      | Found a shimmering altar of Xom.
  7559 | D:7      | Reached skill level 8 in Long Blades
  7711 | D:7      | Killed from afar by an orc priest

Levels and vault maps discovered:
D:1:      roderic_crop_circles_arrival_small, layout_basic
D:2:      layout_basic, lemuel_round_altar, serial_aquarium,
          aquarium_bridge_square [aquarium_subvault_balcony,
          aquarium_subvault_bridge, aquarium_subvault_bridge,
          aquarium_subvault_bridge], aquarium_window_1, aquarium_window_2,
          aquarium_view_2c, aquarium_view_2c, first_ration,
          grunt_qazlal_sundering
D:3:      layout_loops_ring, uniq_natasha, uniq_terence, uniq_jessica,
          uniq_robin, uniq_ijyb
D:4:      layout_loops_ring, nemelex_xobeh_ov_fountains_minmay, xom_teletrap_fun
D:5:      layout_cave_pods, chequers_temple_overflow_minitemple,
          minmay_temple_entry_ruins, uniq_eustachio, uniq_blork_the_orc,
          uniq_duvessa
D:6:      layout_basic, nicolae_overflow_hidden_temple,
          chequers_serial_rivers_large_a, okawaru_metal_pillars_1_2,
          uniq_edmund, uniq_sigmund, uniq_grinder
D:7:      layout_basic, basic_altar, grunt_ogre_cave

Skill      XL: |  1  2  3  4  5  6  7  8  9 |
---------------+----------------------------+-----
Long Blades    | 3 4 5 7 8 |  8.1
Dodging        | 2 3 4 6 7 |  7.2
Armour         | 3 4 5 6 |  6.7
Fighting       | 4 |  4.4

Action                   |  1- 3 |  4- 6 |  7- 9 || total
-------------------------+-------+-------+-------++-------
Melee: Falchion          |    79 |   259 |   553 ||   891
Invok: Berserk           |       |     6 |    13 ||    19
       Trog's Hand       |       |       |     4 ||     4
  Use: Scroll            |       |     2 |     8 ||    10
  Eat: Chunk             |     1 |    11 |    18 ||    30
       Ration            |       |     1 |     2 ||     3
Armor: Animal skin       |     5 |       |       ||     5
       Chain mail        |    47 |   194 |   269 ||   510
       Scale mail        |       |       |   100 ||   100
Dodge: Dodged            |    48 |   168 |   329 ||   545
       Rpst.: Falchion   |    11 |    69 |    93 ||   173

Table legend:
 A = Non-vault XP
 B = Vault XP
 C = Vault XP percentage of total XP
 D = Non-vault monster count
 E = Vault monster count
 F = Vault count percentage of total count
                 A         B        C        D         E       F
            +---------+---------+-------+---------+---------+-------
      Total |    3053 |    1344 |  30.6 |     153 |      22 |  12.6
            +---------+---------+-------+---------+---------+-------
        D:1 |      25 |       0 |   0.0 |      13 |       0 |   0.0
        D:2 |     122 |      46 |  27.4 |      20 |       6 |  23.1
        D:3 |     188 |     135 |  41.8 |      32 |       9 |  22.0
        D:4 |     558 |       0 |   0.0 |      32 |       0 |   0.0
        D:5 |     925 |     516 |  35.8 |      24 |       4 |  14.3
        D:6 |     457 |     647 |  58.6 |      23 |       3 |  11.5
        D:7 |     778 |       0 |   0.0 |       9 |       0 |   0.0
            +---------+---------+-------+---------+---------+-------
